 Dungeon Crawl Stone Soup version 0.29-a0-323-g050149af67 (webtiles) character file.

Game seed: 12924737362418937722

102 kae the Gusty (level 4, -2/39 HPs)
             Began as an Ogre Air Elementalist on Apr 11, 2022.
             Killed by an exploding black bear (26 damage)
             ... ignited by their inner flame
             ... on level 3 of the Dungeon.
             The game lasted 00:03:49 (3467 turns).

kae the Gusty (Ogre Air Elementalist)               Turns: 3467, Time: 00:03:50

Health: -2/39      AC:  4    Str: 12    XL:     4   Next: 77%
Magic:  6/8        EV:  9    Int: 18    God:
Gold:   140        SH:  0    Dex:  9    Spells: 3/9 levels left

rFire   . . .      SeeInvis .   f - +3 whip (freeze)
rCold   . . .      Faith    .   (no shield)
rNeg    . . .      Spirit   .   a - +1 robe
rPois   .          Reflect  .   (helmet restricted)
rElec   .          Harm     .   (no cloak)
rCorr   .          Rampage  .   (gloves unavailable)
Will    .....                   (boots unavailable)
Stlth   +.........              (no amulet)
HPRegen 0.13/turn               (no ring)
MPRegen 0.11/turn               (no ring)

@: no status effects
A: large, unfitting armour, tough skin 1
a: no special abilities


You were on level 3 of the Dungeon.
You visited 1 branch of the dungeon, and saw 4 of its levels.

You collected 140 gold pieces.

Inventory:

Hand Weapons
 d - a +0 mace
 f - a +3 whip of freezing (weapon)
Armour
 a - a +1 robe (worn)
Scrolls
 e - a scroll of teleportation
 h - 3 scrolls of enchant armour
 i - 2 scrolls of identify
 k - 2 scrolls of fog
Potions
 b - 2 potions of magic
 c - 4 potions of curing
 g - a potion of mutation
 j - 2 potions of heal wounds
 m - a potion of berserk rage
 n - 3 potions of brilliance {unknown}
 p - a potion of invisibility {unknown}
 q - a potion of resistance {unknown}
 r - 2 potions of might {unknown}


   Skills:
 - Level 1.7 Dodging
 - Level 1.4 Stealth
 + Level 3.3 Spellcasting
 + Level 2.0 Conjurations
 * Level 4.0 Air Magic


You had 3 spell levels left.
You knew the following spells:

 Your Spells              Type           Power      Damage    Failure   Level
a - Shock                 Conj/Air       52%        1d6       4%          1
b - Static Discharge      Conj/Air       13%        N/A       7%          2
c - Swiftness             Air            17%        N/A       9%          3

Your spell library contained the following spells:

 Spells                   Type           Power      Damage    Failure   Level
 Ensorcelled Hibernation  Hex/Ice        4%         N/A       24%         2
 Passwall                 Tmut/Erth      1%         N/A       24%         2
 Call Canine Familiar     Summ           2%         N/A       43%         3
 Portal Projectile        Hex/Tloc       4%         N/A       43%         3
 Airstrike                Air            8%         N/A       30%         4
 Leda's Liquefaction      Hex/Erth       1%         N/A       85%         4


Dungeon Overview and Level Annotations

Branches:
Dungeon (4/15)             Temple (0/1) D:4

Altars:
Fedhas

Shops:
D:3 *


Innate Abilities, Weirdness & Mutations

You are too large for most types of armour.
You have tough skin. (AC +1)


Message History

Done exploring.
Done exploring.
(D) Dungeon
Where to? (Enter - D:3, ? - help)
There is a stone staircase leading down here.
You climb downwards.
The orc shouts!
You hear a shout! x2; The black bear growls angrily.
There is a stone staircase leading up here.
There are monsters nearby!
As you read the scroll labelled RAMIUF DYBAYL, it crumbles to dust.
You feel aware of your surroundings.
You sensed 1 altar.
It was a scroll of magic mapping.
An orc comes into view. It is wielding a +0 dagger.
An orc comes into view. It is wielding a +0 short sword.
The black bear bites you. The black bear claws you. x2
As you read the scroll labelled XOTHAL POING, it crumbles to dust.
The creatures around you are filled with an inner flame!
It was a scroll of immolation.
The black bear bites you but does no damage.
The black bear claws you but does no damage.
The black bear claws you.
Saving game... please wait.
Welcome back, kae the Ogre Air Elementalist.
Press ? for a list of commands and other information.
The black bear closely misses you. The black bear claws you. x2
You climb upwards.
There is a stone staircase leading down here.
Cast which spell? (? or * to list)
The black bear is struck by an arc of lightning!
Flame seeps out of the black bear.
The black bear is moderately wounded.
You are struck by an arc of lightning.
The lightning grounds out.
The black bear is engulfed in blazing flames.
Flame seeps out of the black bear.
The black bear bites you.
The black bear claws you but does no damage. x2
The black bear is engulfed in blazing flames.
The black bear explodes!
The fiery explosion engulfs you!!
Ouch! That really hurt!
You die...

#.# #<# #.# #.# #.# #.#
#.#
########################.#
..............§○@......#.#
############<#########.#.#
# #.# #.#.# ## #.# #.#.#
.# #.# #.#.# .## #.#
####.#.# ..# #.# #....#.#
#.# #.# ###.##.#.# #.# #.#
#...####.#


There were no monsters in sight!

Vanquished Creatures
  A black bear (D:3)
  3 adders (D:2)
  A worm (D:2)
  3 dart slugs
  2 orcs (D:3)
  4 endoplasms
  2 giant cockroaches
  3 goblins
  8 hobgoblins
  4 jackals (D:3)
  8 kobolds
  4 quokkas
  6 ball pythons
  8 bats
  8 rats
65 creatures vanquished.

Notes
Turn   | Place    | Note
-------+----------+-------------------------------------------
     0 | D:1      | kae the Ogre Air Elementalist began the quest for the Orb.
     0 | D:1      | Reached XP level 1. HP: 16/16 MP: 3/3
    62 | D:1      | Reached skill level 1 in Conjurations
   153 | D:1      | Reached XP level 2. HP: 24/24 MP: 0/5
   209 | D:1      | Reached skill level 3 in Air Magic
   825 | D:1      | Reached XP level 3. HP: 31/31 MP: 4/7
  1146 | D:2      | Found a faded altar of an unknown god.
  1272 | D:2      | Found a blossoming altar of Fedhas.
  1732 | D:2      | Reached XP level 4. HP: 39/39 MP: 1/8
  1964 | D:2      | Learned a level 2 spell: Static Discharge
  1968 | D:2      | Learned a level 3 spell: Swiftness
  2857 | D:3      | Reached skill level 4 in Air Magic
  3373 | D:3      | Found Rimargh's General Store.
  3461 | D:4      | Noticed a black bear
  3467 | D:3      | Killed a black bear
  3467 | D:3      | Killed by an exploding black bear... ignited by their inner
                  | flame

Illustrated notes

Levels and vault maps discovered:
D:1:      minmay_arrival_open_corners, layout_basic, minmay_octomino_j4
D:2:      layout_loops_corners, serial_glass, glass_columns_a, glass_columns_c,
          basic_altar, dreamdust_ecumenical_altar_grove
D:3:      layout_basic, serial_shops, nicolae_shop_advertising_works
          [nicolae_subvault_shop_adworks], kennysheep_crisscross,
          grunt_decor_arrowhead
D:4:      layout_layer_cave, kennysheep_vampire_church, temple_pool_b

Skill      XL: |  1  2  3  4 |
---------------+-------------+-----
Conjurations   | 1 2 |  2.0
Air Magic      | 3 4 |  4.0
Spellcasting   | 3 |  3.3
Dodging        | |  1.7
Stealth        | |  1.4

Action                   |  1- 3 |  4- 6 || total
-------------------------+-------+-------++-------
Melee: Unarmed           |     5 |       ||     5
       Mace              |     2 |       ||     2
       Whip              |     5 |     4 ||     9
 Cast: Shock             |    79 |    43 ||   122
       Static Discharge  |       |     1 ||     1
  Use: Scroll            |       |    12 ||    12
Armor: Robe              |     9 |     7 ||    16
Dodge: Dodged            |    13 |     4 ||    17

Table legend: (Time is in decaauts)
 A = Elapsed time spent in this place.
 B = Non-inter-level travel time spent in this place.
 C = Inter-level travel time spent in this place.
 D = Time resting spent in this place.
 E = Time spent auto-exploring this place.
 F = Levels seen in this place.
 G = Mean time per level.
                   A        B        C        D        E       F      G
               +--------+--------+--------+--------+--------+-----+--------+
         Total |   3467 |   3406 |     61 |    102 |   2993 |   4 |  866.8 |
       Dungeon |   3467 |   3406 |     61 |    102 |   2993 |   4 |  866.8 |
               +--------+--------+--------+--------+--------+-----+--------+

Top non-repeatable levels by time:
     D:2: 1311 daAuts
     D:1: 1097 daAuts
     D:3: 1055 daAuts
     D:4: 3 daAuts
